AoeStats
← CLİNT EASTWOOD SS

Migration

506704041Analyzed
1v1 RM · 19d ago on Sep 14, 2026· 60m 32s· 2 players
Game mode
Random Map
Map size
132×132
Population
200
Speed
Normal
Resources
Standard
Victory
Conquest
Starting age
Dark Age
Ending age
Imperial Age
RankedLock teamsTeams togetherTeam positionsShared explorationLock speedFull tech treeHidden civsTurbo modeCheats
Victory
Defeat
🇦🇷 Cumans · Argentina
754
+18
🇹🇷 Vikings · Türkiye
788
-34
CLİNT EASTWOOD SS
11:11 Feudal Age
21:25 Man-at-Arms
24:28 Castle Age
26:43 Long Swordsman
33:52 Imperial Age
34:02 Gold Mining
34:07 Double-Bit Axe
36:18 Cavalier
36:26 Light Cavalry
37:39 Bow Saw
37:11 Horse Collar
37:30 Stone Mining
37:38 Gold Mining
43:46 Medium Warships
44:39 Heavy Plow
44:38 Loom
46:39 Heavy Warships
47:54 Chemistry
47:49 Gold Shaft Mining
48:05 Ballistics
lh7160148
11:25 Feudal Age
13:39 Loom
13:43 Double-Bit Axe
19:25 Gold Mining
22:28 Castle Age
23:30 Fishing Lines
24:30 Wheelbarrow
29:42 Hand Cart
29:12 Town Watch
30:40 Fletching
30:51 Padded Archer Armor
35:52 Imperial Age
33:39 Town Patrol
36:48 Ballistics
36:30 Bodkin Arrow
36:50 Leather Archer Armor
36:50 Forging
39:02 Chemistry
38:51 Murder Holes
40:30 Ring Archer Armor
43:09 Parthian Tactics
44:35 Steppe Husbandry
44:36 Cuman Mercenaries
45:18 Iron Casting
45:13 Scale Barding Armor
45:11 Scale Mail Armor
47:56 Heavy Cavalry Archer
Connection lost

Rejoining the realm…

Still unreachable

The connection could not be restored.

Session expired

The server has moved on; the page needs a fresh start.